[Event "Titled Tuesday Blitz August 22 Late 2023"]
[White "Bluebaum, Matthias"]
[Black "Svane, Rasmus"]
[WhiteFideId "24651516"]
[BlackFideId "4657101"]
[WhiteElo "3032"]
[BlackElo "2990"]
[Result "1/2-1/2"]
[Round "6"]
[TimeControl "180+1"]
[Date "2023.08.22"]
[WhiteClock "0:00:30"]
[BlackClock "0:00:41"]
[Board "7"]

1. d4 Nf6 2. c4 e6 3. Nc3 Bb4 4. e3 O-O 5. Bd2 d5 6. Nf3 Re8 7. Rc1 Nbd7 8. Qb3 Bxc3 9. Bxc3 b6 10. cxd5 Nxd5 11. Bd2 c5 12. Bb5 cxd4 13. Nxd4 Nc5 14. Qa3 Bd7 15. O-O Bxb5 16. Nxb5 Qd7 17. Nd4 e5 18. Nb3 Ne4 19. Rfd1 Qe6 20. Be1 h6 21. Nd2 Ndf6 22. Nxe4 Nxe4 23. f3 Nf6 24. e4 Qe7 25. Qxe7 Rxe7 26. Bb4 Rb7 27. Rc6 a5 28. Bc3 Re8 29. Be1 Nd7 30. Bf2 Kf8 31. b3 Ke7 32. Be3 Reb8 33. Bc1 Ke8 34. Bb2 f6 35. Ba3 Nf8 36. Rdd6 Ng6 37. Kf2 Kf7 38. Rd2 Ne7 39. Bxe7 Kxe7 40. Rdd6 Rd7 41. Rxb6 Rxb6 42. Rxb6 Rd2+ 43. Kg3 Rxa2 44. Rb7+ Kf8 45. h4 h5 46. Ra7 Rb2 47. Rxa5 Rxb3 48. Ra8+ Kf7 49. Ra7+ Kg6 50. Ra8 Rb2 51. Ra7 Rb3 52. Ra8 Rb2 53. Ra7 Rb3 1/2-1/2


[Site "https://www.chess.com"]

[Event "Titled Tuesday Blitz August 22 Late 2023"]
[White "Naroditsky, Daniel"]
[Black "Cordova, Emilio"]
[WhiteFideId "2026961"]
[BlackFideId "3801497"]
[WhiteElo "3160"]
[BlackElo "2870"]
[Result "1-0"]
[Round "6"]
[TimeControl "180+1"]
[Date "2023.08.22"]
[WhiteClock "0:00:02"]
[BlackClock "0:00:02"]
[Board "8"]

1. e4 c5 2. Nf3 Nc6 3. Bb5 e6 4. O-O Nge7 5. d4 cxd4 6. Nxd4 Ng6 7. Nxc6 bxc6 8. Bd3 e5 9. Nd2 Be7 10. b3 O-O 11. Bb2 d5 12. Kh1 f6 13. Re1 Be6 14. g3 Re8 15. Qf3 Qa5 16. Qe2 Bb4 17. Red1 Bc3 18. Bxc3 Qxc3 19. h4 Nf8 20. Qe3 Kh8 21. Kg1 Red8 22. Rac1 h6 23. Be2 Qxe3 24. fxe3 a5 25. a4 Rab8 26. Kf2 Bf7 27. exd5 cxd5 28. e4 d4 29. Bc4 Bh5 30. Be2 Bxe2 31. Kxe2 Ne6 32. Nc4 Nc5 33. Kf3 Ra8 34. g4 g5 35. h5 Kg7 36. Nb2 Rab8 37. Nc4 Ra8 38. Nb6 Ra6 39. Nd5 Rc6 40. c3 Nxb3 41. Rb1 Rb8 42. cxd4 Nd2+ 43. Rxd2 Rxb1 44. dxe5 fxe5 45. Ne7 Rc3+ 46. Kf2 Rcb3 47. Nf5+ Kf8 48. Rd8+ Kf7 49. Nxh6+ Ke7 50. Rd5 R1b2+ 51. Kg1 Ke6 52. Nf5 Ra3 53. Rd6+ Kf7 54. Rd7+ Ke8 55. Rd1 Rxa4 56. h6 Kf7 57. h7 Rxe4 58. h8=Q 1-0


[Site "https://www.chess.com"]

[Event "Titled Tuesday Blitz August 22 Late 2023"]
[White "So, Wesley"]
[Black "Durarbayli, Vasif"]
[WhiteFideId "5202213"]
[BlackFideId "13402935"]
[WhiteElo "3087"]
[BlackElo "2868"]
[Result "1-0"]
[Round "6"]
[TimeControl "180+1"]
[Date "2023.08.22"]
[WhiteClock "0:00:10"]
[BlackClock "0:00:00"]
[Board "9"]

1. b3 e5 2. Bb2 Nc6 3. e3 d5 4. Bb5 Bd6 5. Nf3 f6 6. c4 Ne7 7. d4 Bb4+ 8. Bc3 Qd6 9. dxe5 fxe5 10. cxd5 Nxd5 11. Bxc6+ Qxc6 12. Bxb4 Nxb4 13. O-O O-O 14. a3 Nd5 15. Nxe5 Qd6 16. Nc4 Qd8 17. Qd4 b5 18. Ne5 Bb7 19. Nd2 Qd6 20. Ne4 Qe7 21. Nc5 Rae8 22. Nxb7 Qxe5 23. Qxe5 Rxe5 24. Rac1 Rb8 25. Na5 Rb6 26. Rfd1 a6 27. Nc6 Re6 28. Nd4 Re8 29. b4 Rd6 30. Nf5 Rdd8 31. h4 g6 32. Nd4 Rd6 33. Rc6 Red8 34. Rdc1 Rxc6 35. Rxc6 Ra8 36. e4 Nf4 37. g3 Rd8 38. gxf4 Rxd4 39. f3 Rd3 40. Kf2 Rxa3 41. Rxc7 Rb3 42. Ra7 Rxb4 43. Rxa6 Rb1 44. Rb6 b4 45. h5 b3 46. hxg6 hxg6 47. Rxg6+ Kf7 48. Rb6 b2 49. Kg2 Ke7 50. f5 Kf7 51. Rb5 Kf6 52. Rb4 Ke5 53. Rb6 Kf4 54. f6 Ke3 55. f7 1-0


[Site "https://www.chess.com"]

[Event "Titled Tuesday Blitz August 22 Late 2023"]
[White "Firouzja, Alireza"]
[Black "Rustemov, Alexander"]
[WhiteFideId "12573981"]
[BlackFideId "4119002"]
[WhiteElo "3085"]
[BlackElo "2867"]
[Result "1/2-1/2"]
[Round "6"]
[TimeControl "180+1"]
[Date "2023.08.22"]
[WhiteClock "0:00:05"]
[BlackClock "0:00:21"]
[Board "10"]

1. e4 e6 2. d4 d5 3. Nc3 dxe4 4. Nxe4 Bd7 5. Nf3 Bc6 6. Bd3 Nd7 7. c3 Ngf6 8. Nxf6+ Nxf6 9. Bf4 Bxf3 10. Qxf3 c6 11. O-O Bd6 12. Bg5 Be7 13. Rfe1 Qd5 14. Qxd5 Nxd5 15. Bd2 Rd8 16. Rad1 O-O 17. g3 g6 18. Kg2 Rd7 19. Bh6 Rfd8 20. h4 Bf8 21. Bg5 Be7 22. Bc1 h5 23. Bc2 Kg7 24. Re2 Bf6 25. Rde1 b5 26. Be4 a5 27. Bf3 a4 28. Bd2 Rc8 29. Rh1 c5 30. dxc5 Rxc5 31. a3 Rc8 32. Bc1 Nb6 33. Rd2 Rxd2 34. Bxd2 Nc4 35. Bc1 Kf8 36. Rd1 Ke7 37. Bb7 Rc7 38. Ba6 Nd6 39. Bf4 e5 40. Be3 Ke6 41. Kf3 Be7 42. Ke2 f5 43. Rd3 Nc4 44. Bc1 Nd6 45. Rxd6+ Bxd6 46. Bxb5 Ra7 47. Be8 Kf6 48. Bg5+ Kg7 49. Be3 Rb7 50. Bc1 Ra7 51. Bb5 Bc5 52. f3 Kf6 53. Bg5+ Kf7 54. Bc1 Ke6 55. Be8 Kf6 56. Bg5+ Kg7 57. Bc1 Kf6 58. Bg5+ Kg7 59. Bc1 Kf6 1/2-1/2


[Site "https://www.chess.com"]

[Event "Titled Tuesday Blitz August 22 Late 2023"]
[White "Duda, Jan-Krzysztof"]
[Black "Zierk, Steven"]
[WhiteFideId "1170546"]
[BlackFideId "2034255"]
[WhiteElo "3078"]
[BlackElo "2864"]
[Result "1-0"]
[Round "6"]
[TimeControl "180+1"]
[Date "2023.08.22"]
[WhiteClock "0:00:04"]
[BlackClock "0:00:00"]
[Board "11"]

1. e4 e6 2. d3 d5 3. Nd2 Nf6 4. g3 g6 5. Bg2 Bg7 6. e5 Nfd7 7. f4 c5 8. c3 Nc6 9. Ne2 f6 10. d4 Qb6 11. Nf3 O-O 12. Rf1 a5 13. h4 a4 14. Bh3 Kh8 15. h5 gxh5 16. Rb1 a3 17. b4 cxd4 18. cxd4 Qb5 19. Rf2 Nxb4 20. Rb3 Qc4 21. Neg1 Nc6 22. Rc2 Qa4 23. Kf2 fxe5 24. Rxa3 Qxa3 25. Bxa3 Rxa3 26. dxe5 Nb4 27. Rd2 Nc5 28. Kg2 Ne4 29. Qc1 Rc3 30. Qb2 Nd3 31. Qa1 b5 32. Ne2 Ra3 33. Rc2 Nb4 34. Rb2 Nd3 35. Rb3 b4 36. Rxa3 bxa3 37. Ned4 Ndc5 38. Qc1 Ba6 39. Nxe6 Nxe6 40. Bxe6 Bc4 41. Qxa3 Re8 42. Nd4 h4 43. Qa4 Rb8 44. Qa7 1-0


[Site "https://www.chess.com"]

[Event "Titled Tuesday Blitz August 22 Late 2023"]
[White "Pakleza, Zbigniew"]
[Black "Bortnyk, Olexandr"]
[WhiteFideId "1119290"]
[BlackFideId "14120828"]
[WhiteElo "2841"]
[BlackElo "3032"]
[Result "1-0"]
[Round "6"]
[TimeControl "180+1"]
[Date "2023.08.22"]
[WhiteClock "0:00:15"]
[BlackClock "0:00:03"]
[Board "12"]

1. d4 Nf6 2. Nf3 b6 3. Bf4 Bb7 4. e3 d6 5. h3 g6 6. Be2 Bg7 7. O-O O-O 8. Bh2 Nbd7 9. c3 Qe8 10. a4 a6 11. Na3 e5 12. Qb3 Qe7 13. Rfd1 Rad8 14. a5 b5 15. c4 c6 16. Rac1 exd4 17. exd4 Bh6 18. Rc2 Rfe8 19. Bf1 Ne4 20. Nb1 Ndf6 21. Nc3 Nxc3 22. bxc3 Bc8 23. cxb5 cxb5 24. c4 bxc4 25. Qxc4 Ne4 26. Re1 Qb7 27. Qc6 Bg7 28. Qxb7 Bxb7 29. Rc7 Rb8 30. Bf4 h6 31. Be3 g5 32. Rb1 Bd5 33. Rxb8 Rxb8 34. Bxa6 Ra8 35. Rc8+ Rxc8 36. Bxc8 Nc3 37. a6 Nb5 38. Bb7 Bc4 39. d5 f5 40. a7 Nxa7 41. Bxa7 Kf7 42. Nd4 Kf6 43. Ne6 Kf7 44. Nxg7 Kxg7 45. Bd4+ Kf7 46. g3 h5 47. f4 g4 48. h4 Ke7 49. Kf2 Bb3 50. Bc6 Bc2 51. Ke3 Be4 52. Bb6 Bb1 53. Kd4 Ba2 54. Kc3 Bb1 55. Kb4 Bd3 56. Ka5 Be2 57. Bc7 Bc4 58. Kb6 Ba2 59. Bb8 Bb3 60. Kc7 Bc4 61. Ba7 Bb3 62. Bd4 Ba2 63. Bc3 Bxd5 64. Bxd5 Kf8 65. Kxd6 Ke8 66. Ke6 Kf8 67. Kxf5 1-0


[Site "https://www.chess.com"]

[Event "Titled Tuesday Blitz August 22 Late 2023"]
[White "Klukin, Kirill"]
[Black "Martinez Alcantara, Jose Eduardo"]
[WhiteFideId "24199273"]
[BlackFideId "3805662"]
[WhiteElo "2830"]
[BlackElo "3017"]
[Result "0-1"]
[Round "6"]
[TimeControl "180+1"]
[Date "2023.08.22"]
[WhiteClock "0:00:00"]
[BlackClock "0:00:07"]
[Board "13"]

1. d4 Nf6 2. Nf3 e6 3. e3 b6 4. Bd3 Bb7 5. O-O g6 6. c4 Bg7 7. b3 O-O 8. Bb2 d6 9. Nc3 Nbd7 10. e4 c5 11. Bc2 a6 12. Qd2 Qc7 13. Rad1 Rad8 14. d5 e5 15. Ne1 Ne8 16. Ne2 Bc8 17. Nd3 b5 18. f4 exf4 19. Bxg7 Kxg7 20. Nexf4 Nef6 21. Rde1 Rde8 22. Qc3 Kg8 23. Nf2 Ne5 24. N4d3 Nfd7 25. Re3 Qd8 26. Rg3 Qf6 27. Nxe5 Qxe5 28. Qd2 Nf6 29. Kh1 Kg7 30. Rf3 Qd4 31. Qf4 Qe5 32. Qh4 Ng8 33. Nd3 Qe7 34. Qg3 f6 35. Nf4 Qe5 36. Qf2 Nh6 37. h3 Nf7 38. Nd3 Qd4 39. Rxf6 Qxf2 40. R1xf2 bxc4 41. bxc4 Rxe4 42. Nxc5 Re1+ 43. Kh2 dxc5 44. Rc6 Re7 45. Rxc5 Bb7 46. Ba4 Nd6 47. Rb2 h5 48. Bc6 Rc8 49. Rb6 Rcc7 50. Ra5 Nxc4 51. Rxb7 Rxb7 52. Ra4 Nb6 53. Rxa6 Rb8 54. d6 Re6 55. Ra7+ Kf6 56. Rd7 Nxd7 0-1


[Site "https://www.chess.com"]

[Event "Titled Tuesday Blitz August 22 Late 2023"]
[White "Batsuren, Dambasuren"]
[Black "Grischuk, Alexander"]
[WhiteFideId "4902920"]
[BlackFideId "4126025"]
[WhiteElo "2810"]
[BlackElo "3006"]
[Result "0-1"]
[Round "6"]
[TimeControl "180+1"]
[Date "2023.08.22"]
[WhiteClock "0:00:00"]
[BlackClock "0:00:02"]
[Board "14"]

1. d4 Nf6 2. c4 e6 3. Nc3 Bb4 4. e3 O-O 5. Bd3 d5 6. cxd5 exd5 7. Qc2 Re8 8. Ne2 Nbd7 9. a3 Bf8 10. O-O c6 11. f3 c5 12. Bd2 a6 13. Rae1 b5 14. Nf4 Bb7 15. Kh1 Rc8 16. dxc5 Bxc5 17. Qb1 Ne5 18. Nce2 Nc4 19. Bxc4 dxc4 20. Qc1 Nd7 21. e4 Ne5 22. Bc3 Qb6 23. Rd1 a5 24. Bd4 h6 25. Qe3 b4 26. axb4 axb4 27. Bxc5 Qxc5 28. Qxc5 Rxc5 29. Rd6 c3 30. Rb6 Bc6 31. bxc3 bxc3 32. Rc1 c2 33. Nd4 Rd8 34. Nfe2 Ba4 35. Rb4 Ra5 36. Nf4 g5 37. Nd5 Nd3 38. Nf6+ Kg7 0-1


[Site "https://www.chess.com"]

[Event "Titled Tuesday Blitz August 22 Late 2023"]
[White "Andreikin, Dmitry"]
[Black "Diaz Camallonga, Carles"]
[WhiteFideId "4158814"]
[BlackFideId "22235256"]
[WhiteElo "2986"]
[BlackElo "2808"]
[Result "1-0"]
[Round "6"]
[TimeControl "180+1"]
[Date "2023.08.22"]
[WhiteClock "0:01:04"]
[BlackClock "0:00:00"]
[Board "15"]

1. d4 d5 2. c4 e6 3. Nf3 Nf6 4. Bg5 dxc4 5. e4 c5 6. Nc3 cxd4 7. Qxd4 Qxd4 8. Nxd4 a6 9. Bxc4 b5 10. Be2 Bb7 11. f3 Nbd7 12. Nb3 Rc8 13. Rd1 Bb4 14. Bd2 Ne5 15. O-O O-O 16. a3 Be7 17. Bf4 Nc4 18. Bxc4 bxc4 19. Nc1 Rfd8 20. Kf2 Nd7 21. Bd6 Bxd6 22. Rxd6 Nc5 23. Rxd8+ Rxd8 24. Ke3 Kf8 25. Rd1 Rc8 26. Rd6 Ke7 27. Rb6 Bc6 28. Rb4 Bb5 29. a4 Bd7 30. Rxc4 a5 31. Nd3 Nxd3 32. Rxc8 Bxc8 33. Kxd3 Kd6 34. Kc4 Ba6+ 35. Nb5+ Kc6 36. e5 Kb6 37. b4 Bxb5+ 38. axb5 a4 39. f4 f6 40. f5 exf5 41. e6 a3 42. Kb3 Kc7 43. b6+ 1-0


[Site "https://www.chess.com"]

[Event "Titled Tuesday Blitz August 22 Late 2023"]
[White "ProphetReborn"]
[Black "Harikrishna, Pentala"]
[BlackFideId "5007003"]
[WhiteElo "2805"]
[BlackElo "2966"]
[Result "1-0"]
[Round "6"]
[TimeControl "180+1"]
[Date "2023.08.22"]
[WhiteClock "0:00:32"]
[BlackClock "0:00:00"]
[Board "16"]

1. d4 d5 2. c4 dxc4 3. Nf3 Nf6 4. e3 Bg4 5. Bxc4 e6 6. O-O Nbd7 7. Nc3 a6 8. h3 Bh5 9. b3 Bd6 10. Bb2 O-O 11. Be2 c5 12. Rc1 Rc8 13. dxc5 Bxc5 14. Nd2 Bg6 15. Nc4 Be7 16. Bf3 Qc7 17. Na4 Qb8 18. Na5 Rxc1 19. Qxc1 Be4 20. Bxe4 Nxe4 21. Rd1 Rc8 22. Qa1 Nef6 23. Nc4 b5 24. Ne5 Nxe5 25. Bxe5 Qb7 26. Nc3 Qc6 27. Ne2 h6 28. Rc1 Qd7 29. Rxc8+ Qxc8 30. Qc3 Qxc3 31. Nxc3 Nd7 32. Bc7 Bb4 33. Ne4 f5 34. Nd6 Bxd6 35. Bxd6 Kf7 36. Kf1 e5 37. Ke2 Ke6 38. Bb4 e4 39. Bc3 g6 40. Bd4 h5 41. Kd2 Nb8 42. Kc3 Nc6 43. Bc5 Kd5 44. Bf8 Ne5 45. Kb4 Kc6 46. Kc3 Kd5 47. Kb4 Nd3+ 48. Ka5 Nxf2 49. Kxa6 Kc6 50. b4 Nd1 51. a4 bxa4 52. b5+ Kd7 53. b6 Nc3 54. b7 a3 55. b8=Q a2 56. Qd6+ Kc8 57. Qc6+ 1-0


[Site "https://www.chess.com"]

[Event "Titled Tuesday Blitz August 22 Late 2023"]
[White "Hambleton, Aman"]
[Black "Ahmadzada, Ahmad"]
[WhiteFideId "2606577"]
[BlackFideId "13413007"]
[WhiteElo "2804"]
[BlackElo "2964"]
[Result "0-1"]
[Round "6"]
[TimeControl "180+1"]
[Date "2023.08.22"]
[WhiteClock "0:00:02"]
[BlackClock "0:00:37"]
[Board "17"]

1. d4 Nf6 2. Bf4 e6 3. e3 c5 4. c3 Nc6 5. Nd2 d5 6. Ngf3 Be7 7. Bd3 Nh5 8. Be5 Qb6 9. Qc2 f6 10. Bg3 g6 11. dxc5 Bxc5 12. O-O-O Bd7 13. e4 Nxg3 14. fxg3 O-O-O 15. exd5 exd5 16. Nb3 Be3+ 17. Kb1 Kb8 18. Rhe1 Rc8 19. Qe2 Rhe8 20. Qf1 a6 21. Bc2 Ne5 22. Nxe5 Rxe5 23. Qf3 a5 24. Rd3 Rce8 25. Red1 a4 26. Nd4 h5 27. h3 a3 28. Bb3 Bf5 29. Nxf5 Rxf5 30. Qe2 Rf2 31. Qe1 Rxb2+ 32. Ka1 Re5 33. Rxd5 Bd2 34. Qf1 Bxc3 35. Qc4 Rxb3+ 36. Qxc3 Rxc3 37. Rd8+ 0-1


[Site "https://www.chess.com"]

[Event "Titled Tuesday Blitz August 22 Late 2023"]
[White "Zhigalko, Sergei"]
[Black "Kushko, Dmitriy"]
[WhiteFideId "13502956"]
[BlackFideId "14162261"]
[WhiteElo "2955"]
[BlackElo "2766"]
[Result "1-0"]
[Round "6"]
[TimeControl "180+1"]
[Date "2023.08.22"]
[WhiteClock "0:00:28"]
[BlackClock "0:00:10"]
[Board "18"]

1. e4 g6 2. d4 Bg7 3. Nc3 d6 4. Nf3 a6 5. Be3 b5 6. a4 b4 7. Ne2 Bb7 8. Ng3 Nd7 9. a5 Ngf6 10. Bd3 Ng4 11. Bd2 c5 12. c3 O-O 13. O-O Qc7 14. h3 bxc3 15. bxc3 Ngf6 16. Re1 Rfc8 17. Qe2 cxd4 18. cxd4 e5 19. Rec1 Qd8 20. Rab1 Rxc1+ 21. Bxc1 Qc7 22. dxe5 Nxe5 23. Nxe5 dxe5 24. Be3 Nd7 25. Bc4 Nf8 26. Qa2 Bc6 27. Rc1 Qd7 28. Bxf7+ Qxf7 29. Qxf7+ Kxf7 30. Rxc6 Ne6 31. Ne2 Bf6 32. Nc3 Nd4 33. Rc7+ Ke6 34. Rxh7 Bd8 35. Rh8 Rc8 36. Nd5 Rc1+ 37. Bxc1 1-0


[Site "https://www.chess.com"]

[Event "Titled Tuesday Blitz August 22 Late 2023"]
[White "Gorovets, Andrey"]
[Black "Kovalev, Vladislav"]
[WhiteFideId "13504037"]
[BlackFideId "13504398"]
[WhiteElo "2801"]
[BlackElo "2945"]
[Result "0-1"]
[Round "6"]
[TimeControl "180+1"]
[Date "2023.08.22"]
[WhiteClock "0:00:00"]
[BlackClock "0:00:05"]
[Board "19"]

1. d4 Nf6 2. c4 e6 3. Nf3 Bb4+ 4. Nbd2 O-O 5. e3 b6 6. a3 Bxd2+ 7. Qxd2 Bb7 8. Be2 d6 9. O-O Nbd7 10. b4 Ne4 11. Qc2 f5 12. Bb2 Rf6 13. d5 Rh6 14. g3 Qe8 15. Nd4 Ne5 16. Nxe6 Rxe6 17. dxe6 Ng5 18. f3 Nexf3+ 19. Bxf3 Nxf3+ 20. Rxf3 Bxf3 21. Qxf5 Qh5 22. e4 Bg4 23. Qd5 Re8 24. Rf1 Rxe6 25. e5 dxe5 26. Qd8+ Qe8 27. Qxc7 Re7 28. Qd6 h6 29. Re1 Re6 30. Rxe5 Rxd6 31. Rxe8+ Kf7 32. Re1 Rd2 33. Be5 Bf3 34. Rf1 Rg2+ 35. Kh1 Rf2+ 36. Kg1 Rg2+ 37. Kh1 Rxg3+ 0-1


[Site "https://www.chess.com"]

[Event "Titled Tuesday Blitz August 22 Late 2023"]
[White "Drygalov, Sergey"]
[Black "Leiva, Gianmarco"]
[WhiteFideId "24171743"]
[BlackFideId "3804399"]
[WhiteElo "2944"]
[BlackElo "2754"]
[Result "1/2-1/2"]
[Round "6"]
[TimeControl "180+1"]
[Date "2023.08.22"]
[WhiteClock "0:00:24"]
[BlackClock "0:00:06"]
[Board "20"]

1. d4 Nf6 2. c4 e6 3. Nf3 d5 4. Nc3 a6 5. cxd5 exd5 6. Bg5 Be6 7. e3 Nbd7 8. Bd3 c6 9. Bf4 Bg4 10. h3 Bh5 11. g4 Bg6 12. Ne5 Nxe5 13. dxe5 Bxd3 14. Qxd3 Nd7 15. O-O-O Nc5 16. Qc2 Qa5 17. Kb1 Ne6 18. Bg3 Bb4 19. Ne2 Qc5 20. Qb3 Qb5 21. Nd4 Nxd4 22. exd4 Be7 23. f4 Qxb3 24. axb3 Kd7 25. Kc2 a5 26. f5 a4 27. Ra1 axb3+ 28. Kxb3 Rxa1 29. Rxa1 h5 30. Ra7 Kc7 31. Be1 hxg4 32. hxg4 Rh3+ 33. Ka2 Re3 34. Ra8 Rxe1 35. Rg8 Kd7 36. Rxg7 Ke8 37. g5 Rg1 38. g6 fxg6 39. f6 Bxf6 40. exf6 Rf1 41. Rxg6 Kf7 42. Rg7+ Kxf6 43. Rxb7 Rc1 44. b3 Kf5 45. Kb2 Rd1 46. Kc3 Rc1+ 47. Kd2 Rb1 48. Kc2 Re1 49. Rf7+ Ke6 50. Rh7 Re4 51. Kd3 Kd6 52. Kc3 Re3+ 53. Kb4 Rd3 54. Rh6+ Kc7 55. Kc5 Rc3+ 56. Kb4 Rd3 57. Rh4 Kb6 58. Ka4 Re3 59. b4 Re4 60. Rxe4 dxe4 61. Kb3 Kb5 62. Kc3 Ka4 63. Kc4 Ka3 64. Kc3 Ka4 65. Kc4 e3 66. Kd3 Kxb4 67. Kxe3 Kb5 68. Ke4 Kb6 69. Ke5 Kc7 70. Ke6 c5 71. d5 Kd8 72. Ke5 Kd7 73. d6 c4 74. Kd4 c3 75. Kxc3 Kc6 76. d7 Kxd7 1/2-1/2


[Site "https://www.chess.com"]

[Event "Titled Tuesday Blitz August 22 Late 2023"]
[White "Henriquez Villagra, Cristobal"]
[Black "Ghazarian, Kirk"]
[WhiteFideId "3409350"]
[BlackFideId "30908604"]
[WhiteElo "2933"]
[BlackElo "2748"]
[Result "0-1"]
[Round "6"]
[TimeControl "180+1"]
[Date "2023.08.22"]
[WhiteClock "0:00:15"]
[BlackClock "0:00:06"]
[Board "21"]

1. g3 Nf6 2. Bg2 g6 3. Nf3 Bg7 4. O-O O-O 5. d3 d6 6. c4 e5 7. Nc3 Nbd7 8. Rb1 a5 9. a3 c6 10. Ne1 Qc7 11. Nc2 Re8 12. b4 axb4 13. axb4 Nf8 14. b5 Bd7 15. Nb4 Ne6 16. h3 h5 17. Be3 Nd4 18. Nc2 Nf5 19. Bg5 Nh7 20. Bd2 Nf6 21. e3 Be6 22. Nb4 Ne7 23. Qe2 c5 24. Nc2 d5 25. e4 d4 26. Nd5 Bxd5 27. cxd5 Ra2 28. Rfc1 Qd6 29. Qd1 Rea8 30. Ne1 b6 31. Nf3 Ne8 32. Rc2 R2a3 33. Be1 Qd7 34. h4 Nd6 35. Rcb2 f5 36. Ng5 Bh6 37. Ne6 fxe4 38. dxe4 c4 39. Bb4 Nxb5 40. Bxa3 Nc3 41. Qf1 Rxa3 42. Qxc4 Nxb1 43. Rxb1 Rc3 44. Qa6 Nc8 45. Bh3 Qf7 46. Ng5 Qf8 47. Be6+ Kh8 48. Nf7+ Kg7 49. Qb7 Qe7 50. Qb8 d3 51. Bxc8 Qxf7 52. Be6 Qf8 53. Qxb6 d2 54. Qc7+ Rxc7 0-1


[Site "https://www.chess.com"]

[Event "Titled Tuesday Blitz August 22 Late 2023"]
[White "Akobian, Varuzhan"]
[Black "Holt, Conrad"]
[WhiteFideId "13300580"]
[BlackFideId "2034387"]
[WhiteElo "2742"]
[BlackElo "2932"]
[Result "1/2-1/2"]
[Round "6"]
[TimeControl "180+1"]
[Date "2023.08.22"]
[WhiteClock "0:00:16"]
[BlackClock "0:00:09"]
[Board "22"]

1. d4 d5 2. c4 c6 3. cxd5 cxd5 4. Nf3 Nf6 5. Nc3 Nc6 6. Bf4 Nh5 7. Bg5 h6 8. Bd2 e6 9. e3 Nf6 10. Ne5 Nxe5 11. dxe5 Nd7 12. f4 Be7 13. Bd3 Nc5 14. Bc2 d4 15. exd4 Qxd4 16. Qe2 O-O 17. O-O-O b5 18. Be3 Qc4 19. Qxc4 bxc4 20. Ne4 Nd3+ 21. Bxd3 cxd3 22. Bc5 Bxc5 23. Nxc5 Rd8 24. Kd2 Rb8 25. b3 Rb5 26. Rc1 g5 27. g3 Kg7 28. Rc4 Bb7 29. Nxb7 Rxb7 30. Rhc1 Rbd7 31. Rc7 Kg6 32. Rxd7 Rxd7 33. Rc3 gxf4 34. gxf4 Rd4 35. Rc4 Rd7 36. b4 Kf5 37. a4 h5 38. b5 h4 39. h3 f6 40. exf6 Kxf6 41. a5 Kf5 42. b6 axb6 43. axb6 Rb7 44. Rb4 e5 45. fxe5 Kxe5 46. Kxd3 Kd5 47. Ke3 Kc6 48. Kf4 Rxb6 49. Rxb6+ Kxb6 50. Kg5 Kc5 51. Kxh4 Kd6 52. Kg5 Ke7 53. Kg6 Kf8 54. h4 Kg8 55. h5 Kh8 56. h6 Kg8 57. h7+ Kh8 58. Kh6 1/2-1/2


[Site "https://www.chess.com"]

[Event "Titled Tuesday Blitz August 22 Late 2023"]
[White "Kramnik, Vladimir"]
[Black "Martinez Ramirez, Lennis"]
[WhiteFideId "4101588"]
[BlackFideId "3509079"]
[WhiteElo "2930"]
[BlackElo "2739"]
[Result "1-0"]
[Round "6"]
[TimeControl "180+1"]
[Date "2023.08.22"]
[WhiteClock "0:00:11"]
[BlackClock "0:00:02"]
[Board "23"]

1. c4 d6 2. Nc3 e5 3. g3 f5 4. Bg2 Nf6 5. d3 Be7 6. Nf3 a5 7. O-O O-O 8. b3 Qe8 9. e3 c6 10. c5 e4 11. cxd6 Bxd6 12. dxe4 Bb4 13. Bb2 fxe4 14. Nd2 Bf5 15. Nc4 Nbd7 16. Nd6 Bxd6 17. Qxd6 Rd8 18. Ne2 Bg4 19. Nf4 g5 20. h3 gxf4 21. hxg4 f3 22. Bh3 h6 23. Rad1 Qg6 24. g5 hxg5 25. Be6+ Kh7 26. Qe7+ Kh6 27. Bxd7 Nd5 28. Qe6 Rxd7 29. Qxd7 g4 30. Rxd5 cxd5 31. Qxd5 Rf5 32. Qd8 Rh5 33. Rd1 Rf5 34. Rd6 Kh5 35. Qh8+ Kg5 36. Qh4# 1-0


[Site "https://www.chess.com"]

[Event "Titled Tuesday Blitz August 22 Late 2023"]
[White "Kamsky, Gata"]
[Black "Kuzmicz, Krystian"]
[WhiteFideId "2000024"]
[BlackFideId "1119125"]
[WhiteElo "2926"]
[BlackElo "2737"]
[Result "1/2-1/2"]
[Round "6"]
[TimeControl "180+1"]
[Date "2023.08.22"]
[WhiteClock "0:00:50"]
[BlackClock "0:00:18"]
[Board "24"]

1. d4 g6 2. c3 Bg7 3. Nf3 d6 4. e4 Nd7 5. Bg5 c6 6. Nbd2 Qc7 7. Bd3 Ngf6 8. O-O e5 9. Re1 O-O 10. a4 h6 11. Bh4 Nh5 12. a5 Nf4 13. Bf1 g5 14. Bg3 Nf6 15. dxe5 dxe5 16. Nc4 Nd7 17. Qd6 Qxd6 18. Nxd6 Nc5 19. b4 Ncd3 20. Red1 Rd8 21. Bxf4 Nxf4 22. Bc4 Ne6 23. Nxf7 Rxd1+ 24. Rxd1 Kxf7 25. Ne1 Ke7 26. Nc2 Nc7 27. Ne3 b6 28. Ra1 b5 29. Bb3 Bd7 30. f3 Rd8 31. Kf2 Bc8 32. Ke2 Ke8 33. g3 Bf8 34. Rb1 c5 35. Nd5 Nxd5 36. Bxd5 cxb4 37. cxb4 Bd7 38. a6 Rc8 39. Kd3 Bd6 40. h4 gxh4 41. gxh4 Ke7 42. Rg1 Kf6 43. h5 Bxb4 44. Rg6+ Ke7 45. Rxh6 Rc3+ 46. Ke2 Bc5 47. Rh7+ Kd6 48. Rh6+ Kc7 49. Rh7 Re3+ 50. Kd2 Kd6 51. Rh6+ Kc7 52. Rh7 Kd6 53. Rh6+ Ke7 54. Rh7+ Kd8 55. Rh8+ Kc7 56. Rh7 1/2-1/2


[Site "https://www.chess.com"]

[Event "Titled Tuesday Blitz August 22 Late 2023"]
[White "Jaracz, Pawel"]
[Black "Makarian, Rudik"]
[WhiteFideId "1102222"]
[BlackFideId "44105681"]
[WhiteElo "2722"]
[BlackElo "2922"]
[Result "1-0"]
[Round "6"]
[TimeControl "180+1"]
[Date "2023.08.22"]
[WhiteClock "0:00:09"]
[BlackClock "0:00:00"]
[Board "25"]

1. e4 c5 2. Nf3 Nc6 3. Bb5 e6 4. O-O Nd4 5. Nxd4 cxd4 6. d3 a6 7. Ba4 b5 8. Bb3 Bb7 9. Nd2 Bc5 10. f4 Ne7 11. Nf3 O-O 12. Kh1 f5 13. Qe2 Kh8 14. Bd2 h6 15. Rae1 Bc6 16. Ne5 Bb7 17. c3 Qe8 18. cxd4 Bxd4 19. Bb4 Bxe5 20. fxe5 fxe4 21. Rxf8+ Qxf8 22. dxe4 Qe8 23. Rf1 a5 24. Bd6 a4 25. Bc2 Nc6 26. Bd3 Qg6 27. Qe3 b4 28. Qb6 Bc8 29. Rf3 Kh7 30. h3 b3 31. a3 Qg5 32. Qe3 Qxe3 33. Rxe3 Ba6 34. Bxa6 Rxa6 35. Rd3 Ra5 36. Kh2 Nxe5 37. Rd4 Nc6 38. Rd2 Kg6 39. Kg3 Kf6 40. Kf4 e5+ 41. Ke3 Ke6 42. Bf8 g6 43. Rd6+ Kf7 44. Bxh6 Rc5 45. Rxd7+ Ke6 46. Rd2 Nd4 47. Kd3 Rc1 48. Be3 Nb5 49. Rf2 Rd1+ 50. Kc4 Nd6+ 51. Kb4 Nxe4 52. Re2 Kd5 53. Kxa4 Kc4 54. Bb6 Nd2 55. Rxe5 Rf1 56. Rc5+ Kd3 57. Rc3+ Ke2 58. Kb4 Rf4+ 59. Kb5 Rf5+ 60. Rc5 Rf6 61. a4 Ne4 62. Re5 Kd3 63. a5 Nc3+ 64. Kb4 1-0


[Site "https://www.chess.com"]

[Event "Titled Tuesday Blitz August 22 Late 2023"]
[White "Dominguez Perez, Leinier"]
[Black "Matinian, Nikita"]
[WhiteFideId "3503240"]
[BlackFideId "24129100"]
[WhiteElo "2921"]
[BlackElo "2720"]
[Result "1-0"]
[Round "6"]
[TimeControl "180+1"]
[Date "2023.08.22"]
[WhiteClock "0:00:04"]
[BlackClock "0:00:00"]
[Board "26"]

1. e4 c5 2. Nf3 d6 3. d4 cxd4 4. Nxd4 Nf6 5. Nc3 g6 6. Be3 Nc6 7. f3 h5 8. Qd2 Nxd4 9. Bxd4 Bh6 10. Be3 Bxe3 11. Qxe3 Qa5 12. Bc4 Be6 13. Bxe6 fxe6 14. O-O-O Rc8 15. Kb1 Kf7 16. Rd4 Rc7 17. Qd2 Rhc8 18. Rd1 b5 19. a3 e5 20. Rd3 b4 21. axb4 Qxb4 22. Nd5 Nxd5 23. Rxd5 Qb6 24. Rc1 Rb8 25. b3 Rbc8 26. Kb2 Rc5 27. Rxc5 Qxc5 28. Ra1 Rc7 29. Ra4 Kf6 30. Rc4 Qb6 31. Rxc7 Qxc7 32. Qh6 Qc5 33. Qd2 Qd4+ 34. Qc3 g5 35. b4 g4 36. Kb3 Qd1 37. Qe3 Qb1+ 38. Kc3 Qa1+ 39. Kd2 Qd4+ 40. Qxd4 exd4 41. f4 e5 42. f5 d5 43. Kd3 a6 44. g3 dxe4+ 45. Kxe4 Ke7 46. Kxe5 d3 47. cxd3 a5 48. f6+ Kf7 49. bxa5 1-0


[Site "https://www.chess.com"]